 Dungeon Crawl Stone Soup version 0.30-a0-4-ga7cffc901d (webtiles) character file.

Game seed: 17102554243202943763

19 Setbun the Sneak (level 2, -1/16 HPs)
             Began as a Kobold Enchanter on Aug 20, 2022.
             Succumbed to an adder's poison
             ... on level 2 of the Dungeon.
             The game lasted 00:00:31 (1019 turns).

Setbun the Sneak (Kobold Enchanter)                 Turns: 1019, Time: 00:00:32

Health: -1/16      AC:  2    Str:  5    XL:     2   Next: 95%
Magic:  5/5        EV: 15    Int: 16    God:
Gold:   17         SH:  0    Dex: 15    Spells: 5/5 levels left

rFire   . . .      SeeInvis .    a - +1 dagger
rCold   . . .      Faith    .    (no shield)
rNeg    . . .      Spirit   .    b - +0 robe
rPois   .          Reflect  .    (no helmet)
rElec   .          Harm     .    (no cloak)
rCorr   .          Rampage  .    (no gloves)
Will    .....                    (no boots)
Stlth   ++++......               (no amulet)
HPRegen 0.05/turn                (no ring)
MPRegen 0.09/turn                (no ring)

@: lethally poisoned (-1 -> -9)
A: small, no large weapons, nightstalker 3
a: no special abilities


You were on level 2 of the Dungeon.
You visited 1 branch of the dungeon, and saw 2 of its levels.

You collected 17 gold pieces.

Inventory:

Hand Weapons
 a - a +1 dagger (weapon)
Armour
 b - a +0 robe (worn)
Scrolls
 d - a scroll of identify {unknown}
 f - a scroll of acquirement {unknown}
 h - a scroll of teleportation {unknown}
 i - a scroll of summoning {unknown}
Potions
 c - 2 potions of invisibility
 e - a potion of heal wounds {unknown}
 g - 2 potions of attraction {unknown}


   Skills:
 + Level 0.5 Fighting
 * Level 2.4 Short Blades
 + Level 2.6 Dodging
 + Level 4.2 Stealth
 + Level 2.3 Spellcasting
 + Level 3.1 Hexes


You had 5 spell levels left.
You didn't know any spells.
Your spell library contained the following spells:

 Spells                   Type           Power      Damage    Failure   Level
 Ensorcelled Hibernation  Hex/Ice        12%        N/A       16%         2
 Confusing Touch          Hex            11%        N/A       17%         3
 Tukima's Dance           Hex            11%        N/A       17%         3
 Dazzling Flash           Conj/Hex       12%        N/A       32%         3


Dungeon Overview and Level Annotations

Branches:
Dungeon (2/15)

Altars:


Innate Abilities, Weirdness & Mutations

You are small and have problems with some larger weapons.
You are completely attuned to the shadows.


Message History

You are too injured to fight recklessly!
You are too injured to fight recklessly!
You are too injured to fight recklessly!
You are too injured to fight recklessly!
You are too injured to fight recklessly!
You are too injured to fight recklessly!
You are too injured to fight recklessly!
You are too injured to fight recklessly!
You are too injured to fight recklessly!
You are too injured to fight recklessly!
You are too injured to fight recklessly!
You are too injured to fight recklessly!
You hit the hobgoblin.
The hobgoblin is almost dead.
You feel sick. The adder barely misses you.
The hobgoblin hits you but does no damage.
You closely miss the hobgoblin.
The hobgoblin is almost dead.
You feel sick. The adder closely misses you. The hobgoblin barely misses you.
A goblin comes into view. It is wielding a +0 club.
The goblin shouts!
You hit the hobgoblin but do no damage.
The hobgoblin is almost dead.
You feel sick. The adder bites you but does no damage.
The hobgoblin barely misses you. The adder barely misses you.
You closely miss the hobgoblin.
The hobgoblin is almost dead.
You feel sick.
You are no longer poisoned.
The hobgoblin completely misses you. The adder closely misses you.
You hit the hobgoblin.
You kill the hobgoblin!
The adder barely misses you.
You closely miss the goblin. The adder bites you.
* * * LOW HITPOINT WARNING * * *
You are lethally poisoned!
The adder poisons you! The goblin closely misses you.
You hit the goblin.
The goblin is moderately wounded.
You die...

#. #. ###.#####
#..Sg...# #.
#...@...#
...######.......#
##...##..........#
.................#
##...#....###.......#
#.........# #.......#
...#.##.#.#####...###
.#.#....#.........#
...###..######....#


You could see an adder and a goblin.

Vanquished Creatures
  3 bats
  3 endoplasms (D:1)
  3 goblins (D:1)
  3 hobgoblins
  A quokka (D:1)
  A ball python (D:1)
  A frilled lizard (D:1)
  A kobold (D:2)
  A rat (D:1)
17 creatures vanquished.

Notes
Turn   | Place    | Note
-------+----------+-------------------------------------------
     0 | D:1      | Setbun the Kobold Enchanter began the quest for the Orb.
     0 | D:1      | Reached XP level 1. HP: 10/10 MP: 3/3
   160 | D:1      | Reached XP level 2. HP: 14/15 MP: 5/5
   941 | D:2      | Found a faded altar of an unknown god.
  1019 | D:2      | Succumbed to an adder's poison

Illustrated notes

Levels and vault maps discovered:
D:1:      dpeg_arrival_rhombi, layout_basic
D:2:      layout_rooms, ebering_ecumenical_altar_abandoned

Skill      XL: |  1  2 |
---------------+-------+-----
Short Blades   | 2 |  2.4
Fighting       | |  0.5
Dodging        | |  2.6
Stealth        | |  4.2
Spellcasting   | |  2.3
Hexes          | |  3.1

Action                   || total
-------------------------++-------
Melee: Dagger            ||    47
       Punch             ||     1
 Stab: Sleeping          ||     9
Armor: Robe              ||     7
Dodge: Dodged            ||    30

Table legend: (Time is in decaauts)
 A = Elapsed time spent in this place.
 B = Non-inter-level travel time spent in this place.
 C = Inter-level travel time spent in this place.
 D = Time resting spent in this place.
 E = Time spent auto-exploring this place.
 F = Levels seen in this place.
 G = Mean time per level.
                   A        B        C        D        E       F      G
               +--------+--------+--------+--------+--------+-----+--------+
         Total |   1014 |    989 |     25 |    181 |    699 |   2 |  507.0 |
       Dungeon |   1014 |    989 |     25 |    181 |    699 |   2 |  507.0 |
               +--------+--------+--------+--------+--------+-----+--------+

Top non-repeatable levels by time:
     D:1: 926 daAuts
     D:2: 87 daAuts
